 Dungeon Crawl Stone Soup version 0.26-a0-708-g17f3b190f9 (webtiles) character file.

Game seed: 4799635459438616552

7679 vt the Severer (level 10, -14/92 HPs)
             Began as a Deep Dwarf Fighter on Oct 30, 2020.
             Demolished by an orc knight
             ... wielding a +0 halberd
              (26 damage)
             ... in a bailey.
             The game lasted 00:12:21 (5152 turns).

vt the Severer (Deep Dwarf Fighter)                 Turns: 5152, Time: 00:12:22

Health: -14/92     AC: 12    Str: 22    XL:     10   Next: 99%
Magic:  1/1        EV:  4    Int: 10    God:
Gold:   547        SH:  9    Dex: 12    Spells: 9/9 levels left

rFire    . . .     SeeInvis +   a - +3 war axe
rCold    . . .     Faith    .   c - +0 kite shield
rNeg     . . .     Spirit   .   y - +0 plate armour
rPois    .         Reflect  .   w - +0 helmet
rElec    .         Harm     .   (no cloak)
rCorr    .         Rampage  .   (no gloves)
MR       +....                  (no boots)
Stlth    ..........             (no amulet)
HPRegen  0.00/turn              h - ring of see invisible
MPRegen  0.07/turn              A - ring of flight

@: mighty, non-regenerating
A: damage resistance, heal wounds, sense surroundings 2, no regeneration
a: Heal Wounds, Evoke Flight


You were in a bailey.
You visited 2 branches of the dungeon, and saw 11 of its levels.
You also visited: Bailey.

You collected 547 gold pieces.

Inventory:

Hand Weapons
 a - a +3 war axe (weapon)
   (You took it off a wight on level 8 of the Dungeon)
 f - a +2 war axe
Missiles
 n - a throwing net {!d}
 o - 12 boomerangs (quivered)
Armour
 b - a +0 scale mail
 c - a +0 kite shield (worn)
 t - a +0 chain mail
   (You took it off an orc on level 4 of the Dungeon)
 w - a +0 helmet (worn)
   (You took it off Robin on level 4 of the Dungeon)
 y - a +0 plate armour (worn)
   (You found it on level 6 of the Dungeon)
Jewellery
 g - an uncursed amulet of magic regeneration
   (You found it on level 5 of the Dungeon)
 h - a ring of see invisible (left hand)
   (You found it on level 1 of the Dungeon)
 A - a ring of flight (right hand)
   (You found it on level 7 of the Dungeon)
Wands
 d - a wand of disintegration (14)
   (You took it off an orc on level 8 of the Dungeon)
 B - a wand of polymorph (13)
   (You found it on level 7 of the Dungeon)
 E - a wand of random effects (26)
   (You found it on level 7 of the Dungeon)
 J - a wand of flame (17)
   (You found it on level 10 of the Dungeon)
Scrolls
 i - 4 scrolls of teleportation {@r4}
 k - a scroll of blinking {unknown}
 m - 3 scrolls of remove curse {@r2}
 s - 2 scrolls of noise
 v - a scroll of enchant armour {unknown}
 z - a scroll of magic mapping {unknown}
 F - a scroll of random uselessness {unknown}
 G - a scroll of amnesia
 M - a scroll of acquirement {unknown}
Potions
 e - 7 potions of curing {@q1}
 j - a potion of flight {unknown}
 l - 3 potions of stabbing
 p - 2 potions of cancellation
 q - a potion of lignification
 u - 2 potions of invisibility
 x - a potion of haste {@q3}
 C - a potion of mutation {unknown}
 H - a potion of ambrosia
 I - a potion of brilliance {unknown}
 K - 2 potions of might
 L - 3 potions of heal wounds {@q2}


   Skills:
 + Level 6.6 Fighting
 + Level 15.6 Axes
 - Level 3.2 Armour
 - Level 3.2 Shields
 - Level 5.0 Evocations


You had 9 spell levels left.
You didn't know any spells.
Your spell library was empty.

Dungeon Overview and Level Annotations

Branches:
Dungeon (10/15)            Temple (1/1) D:4             Orc (0/2) D:10
 Bailey (1/1)
   Lair: D:8-11

Altars:
Cheibriados
Dithmenos
Elyvilon
Fedhas
Gozag
Kikubaaqudgha
Makhleb
Nemelex Xobeh
Okawaru
Qazlal
Ru
Trog
Vehumet
Wu Jian
Xom
Yredelemnul
Zin
The Shining One


Innate Abilities, Weirdness & Mutations

You are resistant to damage.
You can heal yourself by infusing magical energy.
You passively map the area around you.
You do not regenerate.


Message History

The orc knight is lightly wounded.
Throwing (i - inventory. (/) - cycle)
o - 13 boomerangs (quivered)
Press: ? - help, Shift-Dir - straight line, f/p - orc knight
Aim: an orc knight, wielding a +0 glaive and wearing a +0 plate armour (lightly wounded)
You throw a boomerang.
The boomerang hits the orc knight but does no damage.
The orc knight is lightly wounded.
You feel very mighty all of a sudden. The orc hits you but does no damage.
You block the orc knight's attack.
You slice the orc!!
You kill the orc!
The orc knight hits you from afar with a +0 glaive!
* * * LOW HITPOINT WARNING * * *
Items here: )) [ †.
You slice the orc knight!!
The orc knight is moderately wounded.
The orc knight barely misses you.
You slash the orc knight!
The orc knight is moderately wounded.
The orc knight hits you with a +0 glaive.
* * * LOW HITPOINT WARNING * * *
You slice the orc knight!!
The orc knight is severely wounded.
You slash the orc knight!
The orc knight is almost dead.
The orc knight barely misses you.
You hit the orc knight but do no damage.
The orc knight is almost dead.
You block the orc knight's attack.
You slash the orc knight!
You kill the orc knight!
No target in view!
No target in view!
No target in view!
No target in view!
No target in view!
No target in view!
No target in view!
No target in view!
No target in view!
No target in view!
No target in view!
No target in view!
No target in view!
No target in view!
No target in view!
No target in view!
No target in view!
No target in view!
No target in view!
No target in view!
No target in view!
No target in view!
No target in view!
Things that are here:
a +0 glaive; a +0 plate armour
Things that are here:
a +0 glaive; a +0 chain mail
Things that are here:
a +0 war axe; an orc corpse An orc warrior comes into view.
It is wielding a +0 halberd.
There is an open gate, spattered with blood here.
The orc warrior shouts!
An orc knight comes into view. It is wielding a +0 halberd.
The orc knight shouts!
You hear a shout!
The orc warrior completely misses you.
The orc knight roars a battlecry!
The orc warrior goes into a battle-frenzy!
An orc knight comes into view. It is wielding a +0 trident.
You block the orc warrior's attack.
You slash the orc warrior!
The orc warrior is moderately wounded.
You hit the orc warrior.
The orc warrior is heavily wounded.
The orc warrior hits you with a +0 halberd!!
* * * LOW HITPOINT WARNING * * *
You are too injured to fight recklessly!
You are too injured to fight recklessly!
Your magical essence is drained by the effort!
You feel much better.
You feel much better.
The orc knight hits you from afar with a +0 halberd!!
* * * LOW HITPOINT WARNING * * *
The orc warrior hits you with a +0 halberd.
* * * LOW HITPOINT WARNING * * *
You closely miss the orc warrior.
The orc warrior is heavily wounded.
The orc knight hits you from afar with a +0 halberd.
* * * LOW HITPOINT WARNING * * *
The orc warrior hits you with a +0 halberd!
* * * LOW HITPOINT WARNING * * *
The orc knight roars a battlecry!
The orc knight goes into a battle-frenzy!
You fail to use your ability.
You block the orc warrior's attack.
The orc knight hits you from afar with a +0 trident!
* * * LOW HITPOINT WARNING * * *
The orc knight hits you with a +0 halberd!!
You die...

,, ,
▓.......▓
▓.......▓
*.......
▓.....▓
▓'''''▓
▓▓..o..▓▓
▓.......▓
▓...@o..▓
▓....o..▓
▓.......▓
▓.......▓
▓▓.....▓▓
▓▓'''▓▓
▓).)).▓
▓...).▓
▓.))).▓


You could see 2 orc knights and an orc warrior (strong).

Vanquished Creatures
  Harold (D:8)
  A two-headed ogre (D:7)
  An orc knight (Bailey)
  Psyche (D:8)
  A troll (D:10)
  Sigmund (D:3)
  A wraith (D:8)
  A soldier ant (D:8)
  6 ogres
  3 ice beasts
  8 orc warriors
  3 sky beasts
  2 necrophages (D:8)
  3 centaurs
  A big kobold (D:8)
  Blork the orc (D:4)
  2 elf zombies (D:8)
  7 bullfrogs
  An elf skeleton (D:8)
  2 scorpions
  6 wights
  A howler monkey (D:4)
  A human zombie (D:8)
  A bullfrog zombie (D:8)
  7 hounds
  2 human skeletons (D:8)
  2 jellies
  3 orc priests (D:4)
  6 orc wizards
  A centaur skeleton (D:6)
  7 iguanas
  7 worker ants
  A hound skeleton (D:5)
  A mummy (D:8)
  Robin (D:4)
  A worker ant zombie (D:7)
  9 adders
  4 gnolls
  A howler monkey skeleton (D:5)
  3 shadow imps
  2 white imps (D:5)
  2 ufetubi (D:5)
  An ooze (D:1)
  An adder zombie (D:6)
  An adder skeleton (D:4)
  5 worms
  2 dart slugs (D:3)
  2 leopard geckos
  63 orcs
  2 ball pythons
  7 giant cockroaches
  10 goblins
  4 hobgoblins
  8 jackals
  2 quokkas
  2 bats (D:3)
  5 frilled lizards
  A jackal zombie (D:8)
  8 kobolds
  3 leopard gecko skeletons
  An orc zombie (D:8)
  6 rats
250 creatures vanquished.

Vanquished Creatures (collateral kills)
  A centaur skeleton (D:10)
1 creature vanquished.

Grand Total: 251 creatures vanquished

Notes
Turn   | Place    | Note
-------+----------+-------------------------------------------
     0 | D:1      | vt the Deep Dwarf Fighter began the quest for the Orb.
     0 | D:1      | Reached XP level 1. HP: 20/20 MP: 1/1
   229 | D:1      | Reached skill level 3 in Axes
   229 | D:1      | Reached XP level 2. HP: 24/27 MP: 2/2
   303 | D:2      | Reached XP level 3. HP: 23/33 MP: 3/3
   349 | D:2      | Reached skill level 4 in Axes
   446 | D:2      | Reached XP level 4. HP: 14/40 MP: 4/4
   476 | D:2      | Reached skill level 5 in Axes
   687 | D:3      | Found a shadowy altar of Dithmenos.
   728 | D:3      | Noticed Sigmund
   743 | D:3      | Killed Sigmund
   743 | D:3      | Reached skill level 7 in Axes
   743 | D:3      | Reached XP level 5. HP: 19/46 MP: 4/4
   743 | D:3      | Reached XP level 6. HP: 23/55 MP: 5/5
   844 | D:3      | Found a faded altar of an unknown god.
  1120 | D:3      | Found a snail-covered altar of Cheibriados.
  1410 | D:4      | Reached skill level 8 in Axes
  1439 | D:4      | Noticed an ice beast
  1452 | D:4      | Killed an ice beast
  1452 | D:4      | Reached XP level 7. HP: 49/61 MP: 6/6
  1468 | D:4      | Reached skill level 9 in Axes
  1510 | D:4      | Noticed Blork the orc
  1526 | D:4      | Killed Blork the orc
  1596 | D:4      | HP: 14/61 [orc priest/divine providence (14)]
  1790 | D:4      | Found a staircase to the Ecumenical Temple.
  1804 | D:4      | Reached skill level 10 in Axes
  1812 | D:4      | Noticed Robin
  1833 | Temple   | Entered the Ecumenical Temple
  2102 | D:4      | Killed Robin
  2275 | D:5      | Entered Level 5 of the Dungeon
  2294 | D:5      | Reached skill level 3 in Fighting
  2372 | D:5      | Reached XP level 8. HP: 37/69 MP: 5/5
  2451 | D:5      | Reached skill level 4 in Fighting
  2540 | D:5      | Reached skill level 5 in Fighting
  2563 | D:5      | Found a sparkling altar of Nemelex Xobeh.
  2918 | D:6      | Reached skill level 11 in Axes
  3155 | D:6      | You fall into a shaft and drop 3 floors!
  3158 | D:8      | Noticed Psyche
  3174 | D:8      | Killed Psyche
  3174 | D:8      | Reached skill level 12 in Axes
  3174 | D:8      | Gained mutation: You passively map the area around you.
                  | [Deep Dwarf growth]
  3174 | D:8      | Reached XP level 9. HP: 65/81 MP: 5/5
  3226 | D:8      | Found an ancient bone altar of Kikubaaqudgha.
  3395 | D:8      | Reached skill level 13 in Axes
  3419 | D:8      | Noticed Harold
  3434 | D:8      | Killed Harold
  3434 | D:8      | Reached skill level 14 in Axes
  3470 | D:8      | HP: 20/81 [disintegration (32)]
  3520 | D:7      | Reached XP level 10. HP: 60/88 MP: 5/5
  3625 | D:8      | Noticed a two-headed ogre
  3789 | D:7      | Reached skill level 1 in Evocations
  4083 | D:7      | Found a basalt altar of Yredelemnul.
  4195 | D:7      | Reached skill level 2 in Evocations
  4274 | D:7      | Found a burning altar of Makhleb.
  4379 | D:7      | Found a basalt altar of Yredelemnul.
  4384 | D:7      | Found a glowing golden altar of the Shining One.
  4575 | D:7      | Noticed an angel
  4618 | D:7      | Killed a two-headed ogre
  4618 | D:7      | Reached skill level 15 in Axes
  4618 | D:7      | Reached skill level 5 in Evocations
  4698 | D:8      | You fall into a shaft and drop 2 floors!
  4698 | D:10     | Entered Level 10 of the Dungeon
  4844 | D:10     | Reached skill level 6 in Fighting
  4955 | D:10     | Found a flagged portal.
  4971 | Bailey   | Entered a bailey
  5050 | Bailey   | why don't i have a god
  5115 | Bailey   | tnsreioasn
  5124 | Bailey   | Noticed an orc knight
  5137 | Bailey   | Killed an orc knight
  5143 | Bailey   | Noticed an orc knight
  5145 | Bailey   | Noticed an orc knight
  5147 | Bailey   | HP: 19/92 [orc warrior/+0 halberd (23)]
  5152 | Bailey   | HP: 12/92 [orc knight/+0 trident (12)]
  5152 | Bailey   | Demolished by an orc knight

Illustrated notes * , , , * ▓▓+++▓▓ ▓▓.....▓▓ ▓.......▓ ▓.......▓ ▓...oo..▓ ▓..o).)o▓ ▓.oo)@..▓ ▓▓.o..)▓▓ ▓▓▓'▓▓▓ ▓...▓ ▓...▓ ▓...▓ ▓...▓ ▓▓▓'▓▓▓ ▓▓.....▓▓ Turn 5050 on Bailey: why don't i have a god

▓▓'''▓▓
▓o.○)○▓
▓.o○)○▓
▓☼☼☼..▓
▓.○○°☼▓
▓..☼.☼▓
▓▓'''▓▓
▓▓.....▓▓
▓...@...▓
▓.......▓
▓...))..▓
▓..)).).▓
▓.).))..▓
▓▓.)..)▓▓
▓▓▓'▓▓▓
▓...▓
▓...▓


Turn 5115 on Bailey: tnsreioasn

Levels and vault maps discovered:
D:1:      dpeg_arrival_circle_labyrinth_a, layout_basic, serial_forest,
          infiniplex_forest_lined_room_, infiniplex_forest_clump_curved,
          infiniplex_forest_end_3, infiniplex_forest_lined_2,
          infiniplex_forest_lined_3, infiniplex_forest_straight_2,
          wad_floor_pattern_untrapped, st_stairs_6
D:2:      layout_rooms, grunt_temple_overflow_open
D:3:      layout_loops_ring, old_standard_altar, lemuel_coloured_pillars_altar,
          chequers_ecumenical_altar_island, uniq_sigmund
D:4:      layout_loops_cross, minmay_temple_entry_poolview, uniq_blork_the_orc,
          uniq_robin
D:5:      layout_cave_pools, nemelex_xobeh_ov_fountains_minmay,
          minmay_misc_feat_rows
D:6:      layout_cave_pools
D:7:      layout_loops_ring, grunt_temple_overflow_holy_war,
          lemuel_crystal_altar, yredelemnul_altar_generic
D:8:      minmay_the_grid_octo_tiled_squarecenter [minmay_the_grid_octo_chip,
          minmay_the_grid_octo_horde, minmay_the_grid_octo_vomiting_pacman,
          minmay_the_grid_octo_empty, minmay_the_grid_square_5x5_megaprize_open,
          minmay_the_grid_square_5x5_inset, minmay_the_grid_square_5x5_six,
          minmay_the_grid_square_5x5_checkered_sparse,
          minmay_the_grid_square_5x5_inner_i], layout_cave_pools,
          lemuel_mausoleum_altar_kikubaaqudgha, uniq_harold, uniq_psyche
D:9:      layout_basic, ashenzari_altar_1, lair_entry_dummy,
          minmay_fractal_squares_5
D:10:     layout_cave_pods, orc_0_dummy, enter_bailey_1
Temple:   hc_temple_tempest_star
Bailey:   bailey_polearm_5, bailey

Skill      XL: |  1  2  3  4  5  6  7  8  9 10 |
---------------+-------------------------------+-----
Axes           | 3 4 7 8 10 12 14 15 | 15.6
Fighting       | 3 5 6 |  6.6
Evocations     | 5 |  5.0
Armour         | |  3.2
Shields        | |  3.2

Action                   |  1- 3 |  4- 6 |  7- 9 | 10-12 || total
-------------------------+-------+-------+-------+-------++-------
Melee: War axe           |    75 |   100 |   364 |   246 ||   785
Throw: Boomerang         |       |       |       |    10 ||    10
       Javelin           |       |       |       |     5 ||     5
       Throwing net      |       |       |       |     3 ||     3
 Abil: Heal Wounds       |       |     7 |    12 |    15 ||    34
Evoke: Wand              |       |       |       |     1 ||     1
  Use: Scroll            |       |       |     7 |     9 ||    16
       Potion            |       |       |     3 |     2 ||     5
Armor: Scale mail        |    31 |    31 |    23 |       ||    85
       Chain mail        |       |       |    95 |       ||    95
       Plate armour      |       |       |    75 |   135 ||   210
Dodge: Dodged            |    21 |    29 |    81 |    41 ||   172
Block: Kite shield       |    36 |    51 |   174 |   131 ||   392

Table legend: (Time is in decaauts)
 A = Elapsed time spent in this place.
 B = Non-inter-level travel time spent in this place.
 C = Inter-level travel time spent in this place.
 D = Time resting spent in this place.
 E = Time spent auto-exploring this place.
 F = Levels seen in this place.
 G = Mean time per level.
                   A        B        C        D        E       F      G
               +--------+--------+--------+--------+--------+-----+--------+
         Total |   5182 |   4892 |    290 |     75 |   2954 |  12 |  431.8 |
       Dungeon |   4741 |   4478 |    263 |     75 |   2702 |  10 |  474.1 |
        Temple |    264 |    237 |     27 |      0 |    235 |   1 |  264.0 |
        Bailey |    177 |    177 |      0 |      0 |     17 |   1 |  177.0 |
               +--------+--------+--------+--------+--------+-----+--------+

Top non-repeatable levels by time:
     D:3: 830 daAuts
     D:7: 768 daAuts
     D:4: 695 daAuts
     D:5: 621 daAuts
     D:8: 506 daAuts
     D:6: 489 daAuts
     D:1: 299 daAuts
    D:10: 266 daAuts
  Temple: 264 daAuts
     D:2: 261 daAuts
  Bailey: 177 daAuts
     D:9: 2 daAuts

Table legend:
 A = Kills in this place as a percentage of kills in entire the game.
 B = Kills by you in this place as a percentage of kills by you in the entire game.
 C = Kills by friends in this place as a percentage of kills by friends in the entire game.
 D = Other kills in this place as a percentage of other kills in the entire game.
 E = Experience gained in this place as a percentage of experience gained in the entire game.
 F = Experience gained in this place divided by the number of levels of this place that you have seen.
                   A       B       C       D       E      F
               +-------+-------+-------+-------+-------+----------------------
         Total | 100.0 | 100.0 | 100.0 |   N/A | 100.0 | 914.2
       Dungeon |  85.3 |  85.2 | 100.0 |   N/A |  86.2 | 945.6
        Bailey |  14.7 |  14.8 |   0.0 |   N/A |  13.8 | 1515.0
               +-------+-------+-------+-------+-------+----------------------
